 Dungeon Crawl Stone Soup version 0.31.0-11-ge490571c62 (webtiles) character file.

Game seed: 4176931791624209148

7952 ezpacito the Fighter (level 11, -5/87 HPs)
             Began as a Demonspawn Berserker on Feb 8, 2024.
             Was a Priest of Trog.
             Killed from afar by an acid dragon (18 damage)
             ... with a splash of acid
             ... on level 10 of the Dungeon.
             The game lasted 00:15:25 (8908 turns).

ezpacito the Fighter (Demonspawn Berserker)         Turns: 8908, Time: 00:15:25

Health: -5/87      AC: 11    Str: 24    XL:     11   Next: 3%
Magic:  11/11      EV:  9    Int:  8    God:    Trog [***...]
Gold:   83         SH:  5    Dex: 15    Spells: 10/10 levels left

rFire   + . .        B - +7 quarterstaff of Painful Death {drain, Str+5}
rCold   + + .        (shield currently unavailable)
rNeg    . . .        j - +0 plate armour
rPois   .            (helmet restricted)
rElec   .            f - scarf {rC+ rF+}
rCorr   .            (no gloves)
SInv    .            U - +0 pair of boots
Will    ++...        r - amulet of reflection Stlth
                     l - ring of protection from cold
HPRegen 1.34/turn    (no ring)
MPRegen 0.12/turn

%: reflection
@: strong-willed (expiring), corroded, on berserk cooldown, regenerating
(expiring), slowed, very slow
A: antennae 2, spiny 1, weakness stinger 1
a: Renounce Religion, Berserk, Trog's Hand


You were on level 10 of the Dungeon.
You worshipped Trog.
Trog was most pleased with you.
You visited 2 branches of the dungeon, and saw 11 of its levels.

You collected 545 gold pieces.
You spent 462 gold pieces at shops.

Inventory:

Hand Weapons
 A - a +1 short sword of venom
 B - the +7 quarterstaff of Painful Death (weapon) {drain, Str+5}
   (You found it on level 4 of the Dungeon)

   Str+5:     It affects your strength (+5).
 E - a +2 vampiric spear
 F - a +1 war axe of venom
Missiles
 a - 7 boomerangs
 c - 72 stones (quivered)
 k - 10 poisoned darts
 Q - a curare-tipped dart
Armour
 f - a scarf of resistance (worn)
 j - a +0 plate armour (worn)
 U - a +0 pair of boots (worn)
Jewellery
 l - a ring of protection from cold (left hand)
 r - an amulet of reflection (around neck)
Talismans
 p - a maw talisman
 H - a flux talisman
Wands
 y - a wand of acid (12)
 I - a wand of polymorph (15)
 K - a wand of flame (24)
Scrolls
 d - 4 scrolls of poison
 e - a scroll of butterflies
 i - 5 scrolls of revelation
 n - 2 scrolls of fog
 q - 3 scrolls of enchant weapon {unknown}
 u - a scroll of teleportation
 w - a scroll of vulnerability {unknown}
 x - a scroll of enchant armour {unknown}
 z - a scroll of blinking
 C - 2 scrolls of amnesia {unknown}
 D - 2 scrolls of fear {unknown}
 J - 3 scrolls of immolation {unknown}
 L - a scroll of silence {unknown}
Potions
 b - a potion of cancellation {unknown}
 g - a potion of magic {unknown}
 s - 2 potions of heal wounds
 t - 6 potions of curing
 v - a potion of enlightenment {unknown}
 G - a potion of mutation {unknown}
 M - 2 potions of ambrosia
 N - a potion of brilliance {unknown}
 P - a potion of berserk rage {unknown}
 R - a potion of invisibility
 S - a potion of resistance
 T - a potion of haste


   Skills:
 * Level 8.7 Fighting
 * Level 2.4 Short Blades
 * Level 6.9 Axes
 * Level 8.3 Armour
 * Level 5.1 Dodging
 + Level 4.4 Stealth
 - Level 0.3 Shields
 * Level 4.3 Unarmed Combat
 * Level 3.8 Evocations


You had 10 spell levels left.
You didn't know any spells.
Your spell library contained the following spells:

 Spells                   Type           Power      Damage    Failure   Level
 Blink                    Tloc           0%         N/A       100%        2
 Ensorcelled Hibernation  Hex/Ice        0%         N/A       100%        2
 Lesser Beckoning         Tloc           0%         N/A       100%        2
 Momentum Strike          Conj/Tloc      0%         3d8       100%        2
 Gell's Gravitas          Tloc           0%         N/A       100%        3
 Passwall                 Erth           0%         N/A       100%        3
 Swiftness                Air            0%         N/A       100%        3
 Teleport Other           Tloc           0%         N/A       100%        3
 Tukima's Dance           Hex            0%         N/A       100%        3
 Passage of Golubria      Tloc           0%         N/A       100%        4
 Yara's Violent Unravell  Hex/Alch       0%         3d3       100%        5


Dungeon Overview and Level Annotations

Branches:
Dungeon (10/15)            Temple (1/1) D:6            Lair (0/5) D:9
    Orc: D:9-12

Altars:
Ashenzari
Cheibriados
Dithmenos
Fedhas
Gozag
Hepliaklqana
Kikubaaqudgha
Makhleb
Nemelex Xobeh
Okawaru
Qazlal
Ru
Sif Muna
Trog
Uskayaw
Vehumet
Wu Jian
Xom
Yredelemnul

Shops:
D:8 (!=[   D:9 *


Innate Abilities, Weirdness & Mutations

You have a pair of antennae on your head.
You are partially covered in sharp spines.
You have a small tail.


Message History

Your butterfly looks even sicker.
You kill your butterfly!
Your butterfly disappears in a burst of colours!
Your butterfly looks even sicker.
Your butterfly is engulfed in poison gas.
Your butterfly is poisoned.
You kill your butterfly!
Your butterfly disappears in a burst of colours!
Your butterfly is engulfed in poison gas.
Your butterfly looks even sicker.
You kill your butterfly!
Your butterfly disappears in a burst of colours!
Your butterfly is engulfed in poison gas.
Your butterfly looks even sicker.
You kill your butterfly!
Your butterfly disappears in a burst of colours!
The yak is engulfed in poison gas.
The yak looks even sicker.
The yak gores you!
* * * LOW HITPOINT WARNING * * *
Your butterfly is engulfed in poison gas.
Your butterfly is poisoned.
You kill your butterfly!
Your butterfly disappears in a burst of colours!
The acid dragon spits acid at you. The splash of acid hits you.
* * * LOW HITPOINT WARNING * * *
The acid corrodes you!
The yak is engulfed in poison gas.
The yak looks even sicker.
The yak gores you!
* * * LOW HITPOINT WARNING * * *
Unknown command.
Unknown command.
Unknown command.
Unknown command.
You hit the yak. You tail-slap the yak.
The yak is heavily wounded.
The yak is engulfed in poison gas.
The yak looks as sick as possible!
The yak is struck by your spines. The yak gores you but does no damage.
The acid dragon spits acid at you. The splash of acid hits you!!
You die...

§☼§§§§☼§§#
§§§§§§§§§#
§§§§§§§§☼#
§§§☼§§§§§#
☼§§§§§§§§#
§§§§☼D§Y§#
§§§§§☼†.Y#
###@#
####§§§#
#§§§☼###
###§####
#§§.#
##'#########
#..........#
#>.........#
#..........#


You could see 2 yaks and an acid dragon (catching breath).

Vanquished Creatures
  2 two-headed ogres
  An unseen horror (D:10)
  A komodo dragon (D:9)
  A kobold demonologist (D:9)
  A troll (D:10)
  A wyvern (D:8)
  A vampire (D:10)
  9 yaks
  3 steam dragons
  4 water moccasins
  An acid dragon (D:8)
  2 ice beasts
  3 orc warriors
  A sky beast (D:7)
  4 black bears
  2 ogres
  7 centaurs
  A kobold brigand (D:8)
  A phantom (D:4)
  5 bullfrogs
  3 scorpions
  2 bombardier beetles
  An electric eel (D:7)
  2 orc priests
  2 gnoll boudas
  2 hounds
  2 jellies
  Jessica (D:2)
  6 iguanas
  6 orc wizards
  13 gnolls
  4 adders
  2 shadow imps (D:6)
  A white imp (D:8)
  4 ufetubi (D:6)
  2 dart slugs
  2 ribbon worms
  26 orcs
  6 ball pythons
  10 endoplasms
  3 giant cockroaches
  5 goblins
  14 hobgoblins
  11 jackals
  8 quokkas
  7 bats
  3 frilled lizards
  5 kobolds
  9 rats
213 creatures vanquished.

Notes
Turn   | Place    | Note
-------+----------+-------------------------------------------
     0 | D:1      | ezpacito the Demonspawn Berserker began the quest for the
                  | Orb.
     0 | D:1      | Reached XP level 1. HP: 18/18 MP: 1/1
   182 | D:1      | Gained mutation: You are partially covered in sharp spines.
                  | [demonic ancestry]
   182 | D:1      | Reached XP level 2. HP: 17/24 MP: 2/2
   610 | D:1      | Reached XP level 3. HP: 29/29 MP: 3/3
  1275 | D:2      | Noticed Jessica
  1283 | D:2      | Killed Jessica
  1283 | D:2      | Reached ** piety under Trog
  1284 | D:2      | Discovered your monstrous ancestry.
  1284 | D:2      | Gained mutation: You have a pair of small antennae on your
                  | head. [demonic ancestry]
  1284 | D:2      | Reached XP level 4. HP: 31/37 MP: 4/4
  1791 | D:3      | Reached skill level 1 in Stealth
  1908 | D:3      | Reached XP level 5. HP: 11/42 MP: 5/5
  2203 | D:3      | Reached skill level 1 in Unarmed Combat
  2402 | D:3      | You fall into a shaft and drop 1 floor!
  2696 | D:4      | Noticed a phantom
  2709 | D:4      | Killed a phantom
  2766 | D:4      | Found a basalt altar of Yredelemnul.
  2804 | D:4      | Found a sacrificial altar of Ru.
  2862 | D:4      | Gained mutation: You have a pair of antennae on your head.
                  | [demonic ancestry]
  2862 | D:4      | Reached XP level 6. HP: 48/48 MP: 6/6
  2876 | D:4      | Noticed a +0 falchion
  2876 | D:4      | Noticed a +0 spear
  2876 | D:4      | Noticed a +0 short sword
  2877 | D:4      | Noticed a +0 spear
  2877 | D:4      | Noticed a +0 dagger
  2877 | D:4      | Noticed a +0 falchion
  2877 | D:4      | Noticed a +0 dagger
  2877 | D:4      | Noticed a +0 short sword
  2888 | D:4      | Found a hide-covered altar of Uskayaw.
  2903 | D:4      | Found a burning altar of Makhleb.
  2924 | D:4      | Found a shadowy altar of Dithmenos.
  3269 | D:4      | Identified the +7 quarterstaff of Painful Death {drain,
                  | Str+5}
  3492 | D:5      | Entered Level 5 of the Dungeon
  3557 | D:5      | Found a shimmering altar of Xom.
  3584 | D:5      | Reached skill level 5 in Axes
  3584 | D:5      | Reached XP level 7. HP: 55/55 MP: 7/7
  4430 | D:6      | Reached skill level 5 in Fighting
  4432 | D:6      | Reached XP level 8. HP: 47/62 MP: 8/8
  4452 | D:6      | Reached *** piety under Trog
  4584 | D:6      | Found an ornate altar of the Wu Jian Council.
  4620 | D:6      | Found a staircase to the Ecumenical Temple.
  4672 | Temple   | Entered the Ecumenical Temple
  5109 | D:7      | Found an ancient bone altar of Kikubaaqudgha.
  5127 | D:7      | Reached skill level 1 in Evocations
  5171 | D:7      | Noticed a two-headed ogre
  5178 | D:7      | Killed a two-headed ogre
  5179 | D:7      | Reached skill level 5 in Armour
  5179 | D:7      | Reached XP level 9. HP: 69/69 MP: 9/9
  6854 | D:8      | Found a bloodstained altar of Trog.
  6999 | D:8      | Found Cuyclius's Armour Shoppe.
  7116 | D:8      | Found Uptirph's Jewellery Boutique.
  7265 | D:8      | Found Mun Wey's Weapon Emporium.
  7311 | D:8      | Found Anuches's Distillery.
  7328 | D:8      | Bought a potion of invisibility for 88 gold pieces
  7328 | D:8      | Bought a potion of ambrosia for 88 gold pieces
  7328 | D:8      | Bought a potion of heal wounds for 55 gold pieces
  7328 | D:8      | Bought a potion of resistance for 110 gold pieces
  7328 | D:8      | Bought a potion of degeneration for 11 gold pieces
  7328 | D:8      | Bought a potion of haste for 110 gold pieces
  7461 | D:9      | Noticed a kobold demonologist
  7471 | D:9      | Killed a kobold demonologist
  7473 | D:9      | Found Umoebuon's General Store.
  7533 | D:9      | Gained mutation: You have a small tail. [demonic ancestry]
  7533 | D:9      | Reached XP level 10. HP: 65/79 MP: 10/10
  7703 | D:9      | Reached skill level 1 in Short Blades
  8032 | D:9      | Found a staircase to the Lair.
  8170 | D:9      | Found a hazy altar of Hepliaklqana.
  8546 | D:10     | Entered Level 10 of the Dungeon
  8555 | D:10     | Noticed a two-headed ogre
  8565 | D:10     | Killed a two-headed ogre
  8566 | D:10     | Reached skill level 5 in Dodging
  8902 | D:10     | Reached XP level 11. HP: 80/87 MP: 11/11
  8908 | D:10     | Killed from afar by an acid dragon

Illustrated notes

Levels and vault maps discovered:
D:1:      minmay_arrival_cross, layout_loops_ring
D:2:      minmay_general_purpose_star, layout_basic, uniq_jessica
D:3:      layout_basic, minmay_pentomino_pile
D:4:      layout_rooms, nicolae_uskayaw_en_pointe, kennysheep_mini, zin_academy,
          chequers_temple_overflow_statue_of_worship, minmay_cut_off
D:5:      layout_basic, mainiacjoe_overflow_alcove_1
D:6:      layout_rooms, mainiacjoe_overflow_tiny_flanked,
          minmay_temple_entry_statues_pillars
D:7:      layout_rooms, overflow_temple_1_default, small_statue_intersection,
          hangedman_abyss_or_decor_stagger, minmay_misc_feat_secret_circle,
          minivault_26, glass_columns_a, minmay_crystal_water
D:8:      layout_cave_pods, mainiacjoe_overflow_alcove_2, serial_shops,
          nicolae_shop_tiny_waterfront, shop_coins, shop,
          nicolae_shop_bloodbath_and_beyond, serial_bayou_pond_a,
          chequers_serial_rivers_marsh, dreamdust_princess_corridor
D:9:      layout_cave_pools, mainiacjoe_overflow_catwalk,
          due_lair_maze_entry_diamond, serial_shops, shop,
          nicolae_zen_rock_garden
D:10:     layout_roguey, small_statue_alley_b
Temple:   nicolae_temple_bog_church

Skill      XL: |  1  2  3  4  5  6  7  8  9 10 |
---------------+-------------------------------+-----
Axes           | 3 4 5 6 |  6.9
Dodging        | 2 3 4 5 |  5.1
Armour         | 2 3 5 7 8 |  8.3
Stealth        | 1 2 3 4 |  4.4
Unarmed Combat | 1 2 3 4 |  4.3
Fighting       | 4 5 6 7 8 |  8.7
Evocations     | 1 2 3 |  3.8
Short Blades   | 2 |  2.4
Shields        | |  0.3

Action                     |  1- 3 |  4- 6 |  7- 9 | 10-12 || total
---------------------------+-------+-------+-------+-------++-------
  Melee: Hand axe          |    88 |    51 |       |       ||   139
         War axe           |       |    58 |       |       ||    58
         Quarterstaff      |       |     8 |   150 |   105 ||   263
         Punch             |       |     1 |       |       ||     1
         Tailslap          |       |       |       |    18 ||    18
 Invoke: Berserk           |       |     3 |     8 |     5 ||    16
         Trog's Hand       |       |       |       |     4 ||     4
    Use: Scroll            |       |       |     7 |     5 ||    12
         Potion            |       |       |     1 |       ||     1
   Stab: Sleeping          |     2 |     2 |     1 |       ||     5
 Armour: Animal skin       |     7 |       |       |       ||     7
         Leather armour    |    38 |       |       |       ||    38
         Robe              |       |    31 |       |       ||    31
         Plate armour      |       |    47 |   174 |   124 ||   345
         Steam dragon scal |       |       |    56 |       ||    56
  Dodge: Dodged            |    53 |    55 |    76 |    49 ||   233
  Block: Other             |       |    19 |    51 |    28 ||    98
         Reflection        |       |     1 |     5 |     1 ||     7
